 Dungeon Crawl Stone Soup version 0.25-a0-578-gc91f01c39c (webtiles) character file.

Game seed: 14210833223645773011, levelgen mode: deterministic

8 inmateoo the Grave Robber (level 2, 0/15 HPs)
             Began as a Deep Elf Necromancer on Mar 7, 2020.
             Slain by Sigmund
             ... wielding a +0 scythe
              (4 damage)
             ... on level 2 of the Dungeon.
             The game lasted 00:00:53 (840 turns).

inmateoo the Grave Robber (Deep Elf Necromancer)     Turns: 840, Time: 00:00:53

Health: 0/15       AC:  4    Str:  5    XL:     2   Next: 0%
Magic:  4/8        EV: 12    Int: 19    God:
Gold:   34         SH:  0    Dex: 15    Spells: 6/7 levels left

rFire    . . .     SeeInvis .   j - +0 short sword
rCold    . . .     Gourm    .   (no shield)
rNeg     . . .     Faith    .   e - +0 leather armour
rPois    .         Spirit   .   (no helmet)
rElec    .         Reflect  .   (no cloak)
rCorr    .         Harm     .   (no gloves)
MR       .....                  d - +0 pair of boots
Stlth    ++........             (no amulet)
HPRegen  0.05/turn              (no ring)
MPRegen  0.11/turn              (no ring)

@: no status effects
A: no striking features
a: no special abilities


You were on level 2 of the Dungeon.
You were not hungry.

You visited 1 branch of the dungeon, and saw 2 of its levels.

You collected 34 gold pieces.

Inventory:

Hand Weapons
 j - a +0 short sword (weapon)
Armour
 d - a +0 pair of boots (worn)
 e - a +0 leather armour (worn)
Scrolls
 a - a scroll of enchant armour {unknown}
 g - 2 scrolls of identify {unknown}
 h - 2 scrolls of amnesia {unknown}
Potions
 b - a potion of lignification {unknown}
 f - a potion of resistance {unknown}
Comestibles
 c - 4 rations


   Skills:
 + Level 0.2 Fighting
 + Level 2.6 Dodging
 + Level 2.6 Stealth
 + Level 3.1 Spellcasting
 * Level 5.0 Necromancy


You had 6 spell levels left.
You knew the following spells:

 Your Spells              Type           Power        Failure   Level  Hunger
a - Pain                  Necr           ###.         3%          1    None

Your spell library contained the following spells:

 Spells                   Type           Power        Failure   Level  Hunger
 Animate Skeleton         Necr           N/A          3%          1    None
 Vampiric Draining        Necr           ###.......   10%         3    ###....
 Animate Dead             Necr           N/A          30%         4    ####...
 Agony                    Necr           ###.....     65%         5    ######.


Dungeon Overview and Level Annotations

Branches:
Dungeon (2/15)

Altars:

Annotations:
D:2 Sigmund


Message History

Confirm with . or Enter, or press ? or * to list all spells.
Aiming: Pain (safe; 3% risk of failure)
Press: ? - help, Shift-Dir - straight line, f/p - Sigmund
Aim: Sigmund, wielding a +0 scythe and wearing a +0 robe (moderately wounded, chance to defeat MR: 87%) Sigmund writhes in agony.
Sigmund points at you and mumbles some strange words.
The magic dart hits you.
Casting: Pain (safe; 3% risk of failure)
Confirm with . or Enter, or press ? or * to list all spells.
Aiming: Pain (safe; 3% risk of failure)
Press: ? - help, Shift-Dir - straight line, f/p - Sigmund
Aim: Sigmund, wielding a +0 scythe and wearing a +0 robe (moderately wounded, chance to defeat MR: 87%) Sigmund writhes in agony.
Sigmund hits you with a +0 scythe.
Casting: Pain (safe; 3% risk of failure)
Confirm with . or Enter, or press ? or * to list all spells.
Aiming: Pain (safe; 3% risk of failure)
Press: ? - help, Shift-Dir - straight line, f/p - Sigmund
Aim: Sigmund, wielding a +0 scythe and wearing a +0 robe (heavily wounded, chance to defeat MR: 87%) Sigmund writhes in agony.
Sigmund hits you with a +0 scythe.
You die...

..... ......#
#.....# #.#...
#.#..# #.#(.#
#.#.@#
#######.#@.#####
....!............
######>#########
#.........
##..##### #..#
#..# #..# #..#


You could see Sigmund.

Vanquished Creatures
  2 bats (D:1)
  A goblin (D:1)
  A hobgoblin (D:1)
  A kobold (D:1)
  3 rats (D:1)
8 creatures vanquished.

Notes
Turn   | Place    | Note
-------+----------+-------------------------------------------
     0 | D:1      | inmateoo the Deep Elf Necromancer began the quest for the
                  | Orb.
     0 | D:1      | Reached XP level 1. HP: 10/10 MP: 6/6
   487 | D:1      | Reached skill level 5 in Necromancy
   564 | D:1      | Reached XP level 2. HP: 14/15 MP: 8/8
   832 | D:2      | Noticed Sigmund
   840 | D:2      | Slain by Sigmund

Levels and vault maps discovered:
D:1:      dpeg_arrival_circle_labyrinth_c, layout_loops_ring
D:2:      layout_basic, kennysheep_slug_shrine, uniq_sigmund

Skill      XL: |  1 |
---------------+----+-----
Necromancy     | 5 |  5.0
Fighting       | |  0.2
Dodging        | |  2.6
Stealth        | |  2.6
Spellcasting   | |  3.1

Action                   || total
-------------------------++-------
Melee: Short sword       ||    11
 Cast: Pain              ||    10
 Stab: Sleeping          ||     1
Armor: Leather armour    ||     3
Dodge: Dodged            ||     8

Table legend:
 A = Non-vault XP
 B = Vault XP
 C = Vault XP percentage of total XP
 D = Non-vault monster count
 E = Vault monster count
 F = Vault count percentage of total count
                 A         B        C        D         E       F
            +---------+---------+-------+---------+---------+-------
      Total |      12 |       0 |   0.0 |       8 |       0 |   0.0
            +---------+---------+-------+---------+---------+-------
        D:1 |      12 |       0 |   0.0 |       8 |       0 |   0.0
            +---------+---------+-------+---------+---------+-------
